 Dungeon Crawl Stone Soup version 0.26.1-11-gd32895ea62 (webtiles) character file.

Game seed: 12104380579205064656

53 Zeld the Digger (level 3, -7/19 HPs)
             Began as a Gargoyle Earth Elementalist on June 6, 2021.
             Mangled by an ice beast (10 damage)
             ... on level 2 of the Dungeon.
             The game lasted 00:02:30 (1301 turns).

Zeld the Digger (Gargoyle Earth Elementalist)       Turns: 1301, Time: 00:02:30

Health: -7/19      AC:  6    Str: 11    XL:     3   Next: 89%
Magic:  2/6        EV: 12    Int: 16    God:
Gold:   41         SH:  0    Dex: 10    Spells: 1/7 levels left

rFire    . . .     SeeInvis .   (no weapon)
rCold    . . .     Faith    .   (no shield)
rNeg     + . .     Spirit   .   a - +0 robe (curse)
rPois    ∞         Reflect  .   (no helmet)
rElec    +         Harm     .   (no cloak)
rCorr    .         Rampage  .   (no gloves)
Will     .....                  d - +0 pair of boots
Stlth    ++........             (no amulet)
HPRegen  0.06/turn              (no ring)
MPRegen  0.10/turn              (no ring)

@: no status effects
A: negative energy resistance 1, electricity resistance, unbreathing,
petrification resistance, miasma immunity, AC +3
a: no special abilities


You were on level 2 of the Dungeon.
You visited 1 branch of the dungeon, and saw 2 of its levels.

You collected 41 gold pieces.

Inventory:

Missiles
 b - 38 stones (quivered)
Armour
 a - a cursed +0 robe (worn)
 c - a +0 robe
 d - a +0 pair of boots (worn)
Scrolls
 f - 2 scrolls of remove curse {unknown}
 h - a scroll of identify {unknown}
 i - a scroll of fear {unknown}
Potions
 e - a potion of heal wounds {unknown}
 g - 2 potions of lignification {unknown}
 j - a potion of ambrosia {unknown}


   Skills:
 + Level 2.1 Dodging
 - Level 2.1 Stealth
 + Level 2.5 Spellcasting
 - Level 0.7 Transmutations
 * Level 4.7 Earth Magic


You had one spell level left.
You knew the following spells:

 Your Spells              Type           Power        Failure   Level
a - Sandblast             Erth           34%          2%          1
b - Passwall              Tmut/Erth      8%           10%         2
c - Stone Arrow           Conj/Erth      18%          22%         3

Your spell library contained the following spells:

 Spells                   Type           Power        Failure   Level
 Petrify                  Tmut/Erth      10%          54%         4
 Lee's Rapid Deconstruct  Erth           8%           61%         5


Dungeon Overview and Level Annotations

Branches:
Dungeon (2/15)

Altars:
Makhleb
The Shining One


Innate Abilities, Weirdness & Mutations

You are resistant to torment.
Your stone body is resilient. (AC +3)
You are immune to poison.
You resist negative energy. (rN+)
You are resistant to electric shocks. (rElec)
You can survive without breathing.
You are immune to petrification.
You are immune to miasma.


Message History

[Y]es or [N]o only, please.
The spell is potentially lethal to cast (22% risk of failure)!
Continue anyway?
Aiming: Stone Arrow (potentially lethal; 22% risk of failure)
Press: ? - help, Shift-Dir - straight line, f/p - ice beast
Aim: an ice beast (lightly wounded, 36% to evade)
You miscast Stone Arrow.
You are very lightly contaminated with residual magic.
The air around you crackles with energy!
A rat comes into view.
You see here a quokka corpse.
Your magical contamination has completely faded away.
The rat twitches its whiskers.
Found a burning altar of Makhleb.
The ice beast hits you. The ice beast freezes you.
There is a stone staircase leading up here.
The ice beast hits you.
* * * LOW HITPOINT WARNING * * *
The ice beast freezes you!
Ouch! That really hurt!
You die...

..##....##########
#.......###......##
##÷.#...##........##
....#..............#
..........)........#
...................#
...................#
...........)..r....#
...)............@.##
................Y.##
.........÷.........#
...................#
...##..............#
#########..........#
#........#.#
##.......#.#
##....###.#


You could see an ice beast and a rat.

Vanquished Creatures
  A gnoll (D:1)
  4 dart slugs (D:1)
  2 giant cockroaches
  5 goblins
  5 hobgoblins (D:1)
  2 jackals (D:2)
  2 quokkas (D:2)
  4 bats
  3 frilled lizards (D:1)
  3 kobolds (D:1)
  4 rats (D:1)
35 creatures vanquished.

Notes
Turn   | Place    | Note
-------+----------+-------------------------------------------
     0 | D:1      | Zeld the Gargoyle Earth Elementalist began the quest for
                  | the Orb.
     0 | D:1      | Reached XP level 1. HP: 10/10 MP: 3/3
   251 | D:1      | Reached XP level 2. HP: 11/15 MP: 1/5
   255 | D:1      | Learned a level 2 spell: Passwall
   334 | D:1      | Reached skill level 4 in Earth Magic
   402 | D:1      | Found a glowing golden altar of the Shining One.
   464 | D:1      | Reached XP level 3. HP: 16/19 MP: 3/6
   489 | D:1      | Learned a level 3 spell: Stone Arrow
  1273 | D:2      | Noticed an ice beast
  1296 | D:2      | Found a burning altar of Makhleb.
  1301 | D:2      | Mangled by an ice beast

Illustrated notes

Levels and vault maps discovered:
D:1:      giann_bridges, layout_loops_ring, tso_metal_star
D:2:      layout_rooms, makhleb_altar_promises_db

Skill      XL: |  1  2  3 |
---------------+----------+-----
Earth Magic    | 4 |  4.7
Dodging        | 2 |  2.1
Stealth        | |  2.1
Spellcasting   | |  2.5
Transmutations | |  0.7

Action                   || total
-------------------------++-------
Melee: Unarmed           ||    62
 Cast: Sandblast         ||    49
       Stone Arrow       ||     1
Armor: Robe              ||    24
Dodge: Dodged            ||    64
